AoeStats
← Malicious

Arabia

510627086Analyzed
1v1 RM · 18h ago on Oct 1, 2026· 49m 40s· 2 players
Game mode
Random Map
Map size
Tiny (2 player)
Population
200
Speed
Normal
Resources
Standard
Victory
Conquest
Starting age
Dark Age
Ending age
Imperial Age
RankedLock teamsTeams togetherTeam positionsShared explorationLock speedFull tech treeHidden civsTurbo modeCheats
Victory
Defeat
🇸🇰 Burgundians · Slovakia
1047
+16
🇹🇷 Poles · Türkiye
1054
-16
ddk
3:31 Double-Bit Axe
4:21 Loom
11:23 Feudal Age
12:17 Bow Saw
13:28 Wheelbarrow
13:13 Horse Collar
13:36 Gold Mining
14:18 Heavy Plow
23:00 Castle Age
21:49 Hand Cart
27:06 Two-Man Saw
27:29 Husbandry
27:52 Scale Barding Armor
29:48 Stone Mining
30:36 Gold Shaft Mining
30:22 Hand Cart
29:58 Town Watch
30:57 Chain Barding Armor
30:48 Forging
36:23 Imperial Age
34:15 Cavalier
35:33 Iron Casting
35:55 Crop Rotation
37:32 Conscription
38:04 Paladin
39:32 Plate Barding Armor
42:35 Masonry
44:01 Blast Furnace
42:51 Fletching
43:51 Burgundian Vineyards
47:01 Bodkin Arrow
Malicious
7:28 Loom
10:02 Feudal Age
14:54 Bloodlines
16:35 Double-Bit Axe
19:18 Horse Collar
23:36 Castle Age
22:48 Forging
22:44 Scale Barding Armor
23:21 Scale Mail Armor
23:20 Stone Mining
23:37 Gold Mining
25:03 Bow Saw
24:18 Pikeman
24:59 Squires
24:23 Light Cavalry
26:14 Heavy Plow
31:29 Imperial Age
29:43 Husbandry
31:02 Iron Casting
31:29 Winged Hussar
35:41 Blast Furnace
35:51 Lechitic Legacy
36:03 Chain Barding Armor
36:32 Conscription
37:25 Wheelbarrow
36:39 Town Watch
39:42 Crop Rotation
38:53 Elite Obuch
41:15 Chemistry
40:36 Ballistics
40:37 Cavalier
41:55 Hand Cart
41:40 Town Patrol
Connection lost

Rejoining the realm…

Still unreachable

The connection could not be restored.

Session expired

The server has moved on; the page needs a fresh start.